 Dungeon Crawl Stone Soup version 0.16-a0-747-geaeaf20 (webtiles) character file.

126473 Ololoev the Gelid (level 16, 0/99 HPs)
             Began as an Octopode Ice Elementalist on Sept 22, 2014.
             Was a High Priest of Vehumet.
             Succumbed to a deep elf annihilator's poison arrow
             ... on Level 3 of the Elven Halls on Sept 23, 2014.
             The game lasted 04:32:47 (47168 turns).

Ololoev the Gelid (Octopode Ice Elementalist)      Turns: 47168, Time: 04:32:47

HP   0/99        AC  6     Str 13      XL: 16   Next: 98%
MP  17/37        EV 15     Int 22      God: Vehumet [*****.]
Gold 222         SH  5     Dex 14      Spells:  9 memorised,  4 levels left

rFire  + . .     SeeInvis +     M - +8 dagger of the Ancients {stab, rF+ Str+2}
rCold  + . .     Clarity  .     u - +0 buckler
rNeg   + . .     rCorr    .     (helmet restricted)
rPois  .         rRot     .     L - amulet of the gourmand
rElec  .         Spirit   .     k - +4 ring of protection
SustAb .         Warding  .     l - ring of flight
rMut   .         Stasis   .     D - ring of wizardry
Gourm  +                        B - +4 ring of slaying
MR     +....                    n - ring of positive energy
                                b - ring "Throaloi" {rF+ Str+2 Dex+1}
                                m - ring of see invisible
                                H - ring of ice

@: lethally poisoned, regenerating, studying Dodging, somewhat resistant to
hostile enchantments, stealthy
A: almost no armour, amphibious, 8 rings, constrict 8, camouflage 1, shaggy fur
1, gelatinous body 1
a: Renounce Religion, Evoke Flight


You were on level 3 of the Elven Halls.
You worshipped Vehumet.
Vehumet was extremely pleased with you.
You were not hungry.

You visited 5 branches of the dungeon, and saw 29 of its levels.
You also visited: Ice Cave and Volcano.

You collected 2725 gold pieces.
You spent 2503 gold pieces at shops.

Inventory:

Hand weapons
 M - the +8 dagger of the Ancients (weapon) {stab, rF+ Str+2}
   (You bought it in a shop on level 9 of the Dungeon)

   It inflicts extra damage upon your enemies.
   It affects your strength (+2).
   It protects you from fire.
Armour
 u - a +0 buckler (worn)
Magical devices
 o - a wand of digging (15)
 r - a wand of disintegration (8)
 y - a wand of digging (11)
Comestibles
 d - 7 beef jerkies
 F - 37 fruits
 G - 2 bread rations
 J - 7 meat rations
Scrolls
 a - a scroll of blinking
 f - 2 scrolls of fog
 p - 5 scrolls of teleportation
 t - 5 scrolls of recharging
 z - 4 scrolls of immolation
 A - 5 scrolls of remove curse
 E - a scroll of amnesia
 N - a scroll of silence {unknown}
Jewellery
 b - the ring "Throaloi" (on tentacle) {rF+ Str+2 Dex+1}
   (You bought it in a shop on level 4 of the Orcish Mines)

   [ring of protection from fire]

   It affects your strength (+2).
   It affects your dexterity (+1).
   It protects you from fire.
 k - a +4 ring of protection (left tentacle)
 l - a ring of flight (right tentacle)
 m - a ring of see invisible (on tentacle)
 n - a ring of positive energy (on tentacle)
 B - a +4 ring of slaying (on tentacle)
 D - a ring of wizardry (on tentacle)
 H - a ring of ice (on tentacle)
 L - an amulet of the gourmand (around mantle)
Potions
 c - a potion of restore abilities {unknown}
 e - 3 potions of resistance
 h - a potion of curing
 i - 2 potions of confusion {unknown}
 q - a potion of berserk rage {unknown}
 s - 4 potions of brilliance
 v - a potion of agility
 w - a potion of cure mutation
 x - 3 potions of might {unknown}
 C - a potion of degeneration {unknown}
 I - 2 potions of heal wounds
 K - 2 potions of magic
Books
 j - a manual of Dodging
Miscellaneous
 O - a lamp of fire


   Skills:
 - Level 6.0 Fighting
 - Level 6.4 Dodging
 - Level 3.8 Stealth
 - Level 6.4 Shields
 - Level 14.5 Spellcasting
 * Level 14.6 Conjurations
 - Level 1.0 Charms
 - Level 3.2 Summonings
 - Level 3.1 Necromancy
 * Level 16.1 Ice Magic
 - Level 3.1 Air Magic
 - Level 3.0 Evocations


You had 4 spell levels left.
You knew the following spells:

 Your Spells              Type           Power        Failure   Level  Hunger
a - Freeze                Ice            ####         0%          1    None
b - Orb of Destruction    Conj           ######....   1%          7    ######.
c - Ozocubu's Armour      Chrm/Ice       ######..     1%          3    None
d - Bolt of Cold          Conj/Ice       #######...   1%          6    #####..
e - Freezing Cloud        Conj/Ice/Air   #######...   1%          6    #####..
f - Mephitic Cloud        Conj/Pois/Air  #####...     1%          3    None
g - Regeneration          Chrm/Necr      ####......   2%          3    None
h - Animate Dead          Necr           N/A          4%          4    None
i - Spellforged Servitor  Conj/Summ      ######....   16%         7    ######.


Dungeon Overview and Level Annotations

Branches:
Dungeon (13/15)            Temple (1/1) D:5             Orc (4/4) D:9
    Elf (3/3) Orc:3          Lair (8/8) D:11         Spider (0/5) Lair:4
  Slime (0/6) Lair:6       Vaults (0/5) D:13
  Swamp: Lair:3-6    Shoals: Lair:3-6

Altars:
Ashenzari
Cheibriados
Dithmenos
Elyvilon
Fedhas
Gozag
Kikubaaqudgha
Makhleb
Nemelex Xobeh
Okawaru
Qazlal
Ru
Sif Muna
Trog
Vehumet
Xom
Yredelemnul
Zin
The Shining One
Beogh

Shops:
D:6 [   D:9 (   D:13 (   Orc:4 ((=[

Annotations:
Elf:3 Frances
Lair:8 bronies4ever's ghost, powerful VSEn


Innate Abilities, Weirdness & Mutations

You cannot wear most types of armour.
You are amphibious.
You can wear up to eight rings at the same time.
You can use your tentacles to constrict many enemies at once.
Your skin changes colour to match your surroundings (Stealth).
Your rubbery body absorbs attacks (AC +1).
You are covered in fur (AC +1).


Message History

The deep elf annihilator is engulfed in freezing vapours.
The deep elf annihilator gestures at you while chanting.
The poison arrow hits you!
You are poisoned.
You see here a short sword.
You feel sick.
The deep elf annihilator is engulfed in freezing vapours.
The deep elf annihilator gestures at you while chanting.
The poison arrow hits you!
You are more poisoned.
* * * LOW HITPOINT WARNING * * *
* * * LOW HITPOINT WARNING * * *
You feel sick. Vehumet accepts your kill.
You feel your power returning.
You feel a bit more experienced.
There is an open door here.
Casting: Freezing Cloud
Confirm with . or Enter, or press ? or * to list all spells.
Your skin crawls.
You die...

##### ##...##
#.....# #.....#
#.....##
##.<.).#######.
##@##)#..§§§§(.
#.##.§§###§§§§(
#.####§§e§§§§§§
#.# #######§§.
#'# #.....#
#.....#
#.......
#.......#


There were no monsters in sight!

Vanquished Creatures
  2 deep elf blademasters
  Louise (Elf:1)
  An orc warlord (Orc:2)
  2 deep elf demonologists
  A deep elf death mage (Elf:2)
  4 deep elf annihilators (Elf:3)
  A deep elf high priest (Elf:2)
  Josephine (Elf:1)
  Fannar (Elf:1)
  4 hydras
  A siren (shapeshifter) (Elf:2)
  Erica (Lair:2)
  A tengu warrior (D:13)
  9 dancing weapons (Elf:2)
  4 death yaks (Lair:7)
  4 orc high priests
  17 deep elf knights
  A skeletal warrior (D:11)
  A fire crab (Lair:8)
  A swamp dragon (shapeshifter) (Elf:2)
  4 orc knights (Orc:4)
  Pikel (D:5)
  12 deep elf summoners
  6 hill giants
  3 griffons
  12 deep elf conjurers
  6 orc sorcerers
  An ugly thing (D:11)
  An oklob plant (Lair:7)
  A sixfirhy (Orc:4)
  A cyclops (D:12)
  8 elephants
  3 manticores
  Joseph (D:8)
  A queen ant (Lair:2)
  11 spiny frogs
  5 black mambas
  A torpor snail (Lair:7)
  7 komodo dragons
  2 gargoyles
  2 fire drakes
  7 deep elf priests
  A kobold demonologist (D:13)
  A jumping spider (shapeshifter) (Elf:2)
  A hydra zombie (D:12)
  3 polar bears
  A merfolk (Lair:6)
  5 trolls
  29 blink frogs
  Prince Ribbit (D:4)
  8 two-headed ogres
  16 deep elf magi
  A raven (D:12)
  A shadow (D:13)
  A trapdoor spider (D:13)
  2 redbacks (Elf:1)
  2 basilisks
  5 fire bats (Volcano)
  3 tarantellas
  35 yaks
  Eustachio (D:6)
  A chaos spawn (Elf:3)
  A golden eye (shapeshifter) (Elf:1)
  5 hippogriffs
  19 deep elf fighters
  5 wolves
  3 humans (D:9)
  A mottled dragon (Volcano)
  10 soldier ants (Lair:2)
  4 wargs
  34 orc warriors
  8 water moccasins
  A hell hound (Volcano)
  3 phantoms
  A spider (Lair:4)
  2 black bears
  10 porcupines
  9 ice beasts
  3 sky beasts
  A tengu (Lair:6)
  3 boring beetles
  26 ogres
  A necrophage (D:8)
  3 centaurs
  A lost soul (Elf:2)
  Duvessa (D:4)
  2 brain worms (D:11)
  3 big kobolds
  8 crocodiles
  2 gnoll sergeants
  17 giant frogs
  2 electric eels (D:9)
  2 scorpions
  2 yak zombies
  A wolf zombie (Lair:5)
  4 lava snakes (Volcano)
  Dowan (D:4)
  A two-headed ogre zombie (Orc:2)
  6 wights
  A goliath beetle (D:9)
  A quasit (D:10)
  37 orc priests
  6 jellies
  A crimson imp (D:10)
  6 elf zombies
  A kobold skeleton (D:12)
  15 hounds
  35 orc wizards
  2 elf skeletons (Elf:1)
  18 worker ants
  11 iguanas
  6 orange rats
  A crocodile zombie (Lair:7)
  Ijyb (D:3)
  10 sheep (Lair:2)
  3 ogre zombies
  3 ogre skeletons
  A hound zombie (D:8)
  2 hound skeletons
  A mummy (D:13)
  A worker ant zombie (D:5)
  9 gnolls
  41 green rats
  A shadow imp (D:8)
  31 adders
  2 giant mites
  5 white imps (Lair:7)
  An adder skeleton (Lair:8)
  9 giant geckos
  2 oozes
  152 orcs
  12 bats
  6 giant cockroaches
  18 goblins
  4 green rat zombies
  21 hobgoblins
  3 jackals (D:9)
  25 kobolds
  9 giant newts
  2 giant spores (D:7)
  3 orc skeletons
  14 orc zombies
  14 quokkas
  13 rats
  A rat skeleton (D:6)
  2 rat zombies (D:6)
  5 ballistomycetes (D:7)
  26 fungi
  31 plants
1103 creatures vanquished.

Vanquished Creatures (collateral kills)
  2 hydras
  An ogre mage (Orc:2)
  2 dancing weapons (Elf:2)
  3 death yaks (Lair:7)
  A giant orange brain (D:11)
  A hill giant (D:13)
  A wizard (D:13)
  A deep elf conjurer (Elf:2)
  A griffon (D:13)
  A cyclops (D:13)
  4 elephants
  A fire drake (Lair:5)
  A troll (D:11)
  2 komodo dragons
  A polar bear (Lair:7)
  5 blink frogs
  2 ravens (D:13)
  A basilisk (Lair:2)
  8 yaks
  3 hippogriffs
  4 wolves
  10 soldier ants (Lair:2)
  7 spiders (Lair:4)
  2 water moccasins
  3 ice beasts (Lair:7)
  An orc warrior (Orc:3)
  A yellow wasp (D:13)
  2 ogres
  6 crocodiles
  A yaktaur zombie (D:13)
  3 brain worms (D:11)
  An eye of draining (D:13)
  A hound (D:12)
  2 iguanas (Lair:4)
  9 worker ants (Lair:2)
  An orange rat (Lair:3)
  3 orc wizards
  2 sheep (Lair:2)
  2 gnolls (D:13)
  14 green rats
  4 adders
  7 white imps (Lair:7)
  12 orcs
  3 goblins
  5 fungi
  6 plants
154 creatures vanquished.

Vanquished Creatures (others)
  A deep elf mage (Elf:2)
  A hydra zombie (D:13)
  A black mamba zombie (Lair:8)
  A deep elf fighter (Elf:1)
  18 ice beasts
  3 spiny frog zombies
  A slave (D:5)
  4 elephant zombies
  A manticore zombie (D:13)
  3 blink frog zombies
  A komodo dragon zombie (Lair:3)
  2 water moccasin zombies
  4 yak zombies
  2 wights (D:7)
  A yak skeleton (Lair:7)
  A wolf zombie (Lair:2)
  A giant frog zombie (Lair:7)
  20 elf zombies
  7 soldier ant zombies (Lair:2)
  2 two-headed ogre zombies
  A giant frog skeleton (Lair:4)
  An iguana (D:7)
  A kobold zombie (D:13)
  A porcupine zombie (Lair:2)
  3 elf skeletons (Elf:2)
  A porcupine skeleton (Lair:2)
  3 crocodile zombies
  3 ogre zombies
  A hound zombie (Lair:6)
  3 worker ant zombies (Lair:2)
  14 orc zombies
  2 adder zombies
  A sheep skeleton (Lair:2)
  2 giant spores (D:7)
  A gnoll skeleton (D:13)
  A goblin zombie (Orc:2)
  12 green rat zombies
  4 orc skeletons (Orc:2)
  A rat (D:5)
  A ballistomycete (D:7)
  7 fungi
  4 plants
143 creatures vanquished.

Grand Total: 1400 creatures vanquished

Notes
Turn   | Place    | Note
--------------------------------------------------------------
     0 | D:1      | Ololoev, the Octopode Ice Elementalist, began the quest for the Orb.
     0 | D:1      | Reached XP level 1. HP: 11/11 MP: 3/3
     2 | D:1      | Noticed an electric eel
   198 | D:1      | Reached XP level 2. HP: 17/17 MP: 2/4
   255 | D:1      | Learned a level 2 spell: Throw Frost
   415 | D:1      | Upgraded the game from 0.16-a0-734-gc254e8c to 0.16-a0-747-geaeaf20
   813 | D:1      | Reached XP level 3. HP: 17/21 MP: 4/6
   874 | D:1      | Learned a level 3 spell: Ozocubu's Armour
  1468 | D:2      | Reached skill level 4 in Ice Magic
  2252 | D:3      | Noticed Ijyb
  2264 | D:3      | Killed Ijyb
  2264 | D:3      | Reached XP level 4. HP: 21/27 MP: 0/7
  2995 | D:3      | Reached XP level 5. HP: 31/31 MP: 9/9
  3878 | D:4      | Found a white marble altar of Elyvilon.
  4016 | D:4      | Noticed an ogre
  4030 | D:4      | Killed an ogre
  4030 | D:4      | Reached XP level 6. HP: 36/36 MP: 9/12
  4036 | D:4      | Learned a level 4 spell: Throw Icicle
  4060 | D:4      | Noticed Prince Ribbit
  4068 | D:4      | Killed Prince Ribbit
  4068 | D:4      | Reached skill level 5 in Ice Magic
  4068 | D:4      | Reached XP level 7. HP: 23/41 MP: 5/15
  4230 | D:4      | Noticed Dowan
  4232 | D:4      | Noticed Duvessa
  4248 | D:4      | Killed Duvessa
  4248 | D:4      | Reached skill level 5 in Conjurations
  4249 | D:4      | Killed Dowan
  5524 | D:4      | Reached XP level 8. HP: 43/46 MP: 12/18
  5657 | D:4      | Reached skill level 6 in Conjurations
  5696 | D:4      | Learned a level 4 spell: Summon Ice Beast
  5967 | D:4      | Reached skill level 1 in Summonings
  5982 | D:5      | Entered Level 5 of the Dungeon
  6041 | D:5      | Found a staircase to the Ecumenical Temple.
  6050 | Temple   | Entered the Ecumenical Temple
  6236 | D:5      | Noticed Pikel
  6259 | D:5      | Killed Pikel
  6448 | D:5      | Reached skill level 7 in Ice Magic
  6578 | D:6      | Reached XP level 9. HP: 51/51 MP: 13/20
  7085 | D:6      | Noticed Eustachio
  7101 | D:6      | Killed Eustachio
  7101 | D:6      | Reached skill level 8 in Ice Magic
  7578 | D:6      | Found Zaaninn's Antique Armour Boutique.
  8424 | D:6      | Found a stormy altar of Qazlal.
  8431 | D:6      | Found a blossoming altar of Fedhas.
  9787 | D:7      | Reached skill level 5 in Spellcasting
  9904 | D:7      | Reached skill level 9 in Ice Magic
 10748 | D:8      | Noticed Joseph
 11144 | D:8      | Reached XP level 10. HP: 56/56 MP: 6/23
 11261 | D:8      | Killed Joseph
 12368 | D:8      | Noticed a hill giant
 12373 | D:8      | Killed a hill giant
 13064 | D:9      | Found a staircase to the Orcish Mines.
 14061 | D:9      | Found Qiahyfa's Weapon Shoppe.
 14116 | D:9      | Found a shattered altar of Ashenzari.
 14120 | D:9      | Found an iron altar of Okawaru.
 14133 | D:9      | Reached skill level 1 in Fighting
 14134 | D:9      | Reached XP level 11. HP: 46/64 MP: 1/29
 14449 | D:9      | Found a shadowy altar of Dithmenos.
 14450 | D:9      | Found a radiant altar of Vehumet.
 14450 | D:9      | Found a basalt altar of Yredelemnul.
 14460 | D:9      | Became a worshipper of Vehumet
 14682 | Orc:1    | Entered Level 1 of the Orcish Mines
 14722 | Orc:1    | Found a roughly hewn altar of Beogh.
 14970 | Orc:1    | Acquired Vehumet's first power
 14970 | Orc:1    | Offered knowledge of Sting by Vehumet.
 15912 | Orc:1    | Offered knowledge of Shock by Vehumet.
 16146 | D:9      | Bought the +8 dagger of the Ancients {stab, rF+ Str+2} for 734 gold pieces
 16240 | D:10     | Entered Level 10 of the Dungeon
 17262 | D:11     | Found a staircase to the Lair.
 17299 | D:11     | Noticed a hill giant
 17314 | D:11     | Killed a hill giant
 17314 | D:11     | Reached skill level 1 in Shields
 17399 | D:11     | Offered knowledge of Conjure Flame by Vehumet.
 17414 | D:11     | Reached skill level 5 in Dodging
 17911 | D:11     | Noticed a hill giant
 17938 | D:11     | Killed a hill giant
 17938 | D:11     | Acquired Vehumet's second power
 18119 | D:11     | Reached skill level 5 in Fighting
 18208 | D:11     | Noticed a giant orange brain
 18213 | D:11     | Killed a giant orange brain
 18250 | D:11     | Gained mutation: You are covered in fur (AC +1). [mutagenic meat]
 18407 | D:11     | Reached skill level 5 in Shields
 18958 | D:11     | Noticed a hill giant
 18962 | D:11     | Killed a hill giant
 18962 | D:11     | Reached XP level 12. HP: 78/78 MP: 13/29
 19089 | D:11     | Offered knowledge of Mephitic Cloud by Vehumet.
 19097 | D:11     | Learned a level 3 spell: Mephitic Cloud
 19185 | D:11     | Noticed a skeletal warrior
 19188 | D:11     | Noticed a skeletal warrior
 19212 | D:11     | Killed a skeletal warrior
 19219 | D:11     | Noticed a skeletal warrior
 19252 | D:11     | Noticed a skeletal warrior
 19963 | D:12     | Noticed a five-headed hydra
 19999 | D:12     | Killed a five-headed hydra
 20309 | D:12     | Learned a level 3 spell: Regeneration
 20314 | D:12     | Learned a level 4 spell: Animate Dead
 20476 | D:12     | Reached skill level 1 in Necromancy
 20834 | D:12     | Reached skill level 1 in Air Magic
 21237 | D:13     | Acquired Vehumet's third power
 21696 | D:13     | Offered knowledge of Ignite Poison by Vehumet.
 21841 | D:13     | Found Wyali's Antique Weapon Boutique.
 21859 | D:13     | Bought a steaming long sword for 238 gold pieces
 21860 | D:13     | Identified the +5 long sword of the Harvest {holy, +Fly} (You bought it in a shop on level 13 of the Dungeon)
 21918 | D:13     | Noticed an eight-headed hydra
 21918 | D:13     | Noticed a tengu warrior
 21933 | D:13     | Killed an eight-headed hydra
 21946 | D:13     | Killed a tengu warrior
 21946 | D:13     | Reached skill level 10 in Ice Magic
 22404 | D:13     | Found a gate to the Vaults.
 22408 | D:13     | Reached skill level 1 in Evocations
 22899 | D:13     | Noticed a tengu warrior
 23067 | Lair:1   | Entered Level 1 of the Lair of Beasts
 23300 | D:11     | Reached skill level 11 in Ice Magic
 23762 | Lair:1   | Noticed a four-headed hydra
 23771 | Lair:1   | Killed a four-headed hydra
 23893 | Lair:1   | Reached XP level 13. HP: 83/83 MP: 22/30
 24639 | Lair:1   | Reached skill level 12 in Ice Magic
 24714 | Lair:1   | Offered knowledge of Spellforged Servitor by Vehumet.
 24748 | Lair:1   | Learned a level 7 spell: Spellforged Servitor
 25053 | Lair:2   | Noticed Erica
 25058 | Lair:2   | Killed Erica
 25656 | Lair:2   | Reached skill level 10 in Spellcasting
 26528 | Lair:2   | Offered knowledge of Orb of Destruction by Vehumet.
 26690 | Lair:2   | Learned a level 7 spell: Orb of Destruction
 29176 | Lair:4   | Reached skill level 10 in Conjurations
 29321 | Lair:4   | Found a hole to the Spider Nest.
 29809 | Lair:4   | Reached XP level 14. HP: 80/90 MP: 27/33
 29950 | Lair:4   | Reached skill level 1 in Charms
 30929 | Lair:5   | Got a heavily runed marble ring
 30930 | Lair:5   | Identified the ring "Fyesam" {Fire Dex+1 Int+4} (You found it on level 5 of the Lair of Beasts)
 32592 | Lair:6   | Learned a level 6 spell: Freezing Cloud
 33063 | Lair:6   | Found a staircase to the Slime Pits.
 33521 | Lair:7   | Reached skill level 13 in Spellcasting
 33986 | Lair:7   | Found a frozen archway.
 34017 | IceCv    | Entered an ice cave
 34023 | IceCv    | Offered knowledge of Bolt of Cold by Vehumet.
 34543 | Lair:7   | Learned a level 6 spell: Bolt of Cold
 34893 | Lair:7   | Reached skill level 14 in Spellcasting
 34972 | Lair:7   | Found a blossoming altar of Fedhas.
 35310 | Lair:8   | Entered Level 8 of the Lair of Beasts
 35366 | Lair:8   | Noticed bronies4ever's ghost (powerful VSEn)
 36398 | Lair:8   | Reached XP level 15. HP: 37/94 MP: 31/36
 39281 | Orc:2    | Offered knowledge of Ozocubu's Refrigeration by Vehumet.
 39728 | Orc:3    | Found a staircase to the Elven Halls.
 40528 | Orc:4    | Entered Level 4 of the Orcish Mines
 40745 | Orc:4    | Paralysed by an orc sorcerer for 7 turns
 40996 | Orc:4    | Found Kieh's Jewellery Shop.
 40996 | Orc:4    | Found Peromuy's Antique Weapon Shop.
 40997 | Orc:4    | Found Uklaff's Armour Shoppe.
 41010 | Orc:4    | Found Ykohut's Antique Weapon Shoppe.
 41081 | Orc:4    | Bought the ring "Throaloi" {rF+ Str+2 Dex+1} for 574 gold pieces
 41081 | Orc:4    | Bought an uncursed ring of see invisible for 225 gold pieces
 41265 | Orc:4    | Found a dark tunnel.
 41275 | Volcano  | Entered a volcano
 41589 | Volcano  | Found a burning altar of Makhleb.
 41665 | Volcano  | Found a radiant altar of Vehumet.
 41923 | Orc:4    | Bought a steaming cutlass for 252 gold pieces
 41926 | Orc:4    | Bought an ichor-stained dagger for 224 gold pieces
 41926 | Orc:4    | Bought a transparent spear for 256 gold pieces
 41927 | Orc:4    | Identified the +1 cutlass "Jyomosewn" {freeze, Int+2} (You bought it in a shop on level 4 of the Orcish Mines)
 41928 | Orc:4    | Identified the +0 dagger "Eppoujini" {flame, Stlth+} (You bought it in a shop on level 4 of the Orcish Mines)
 41929 | Orc:4    | Identified the +3 spear of Defence {venom, rN+ SInv} (You bought it in a shop on level 4 of the Orcish Mines)
 41994 | Orc:3    | Offered knowledge of Poison Arrow by Vehumet.
 42007 | Elf:1    | Entered Level 1 of the Elven Halls
 42143 | Elf:1    | Found a radiant altar of Vehumet.
 42176 | Elf:1    | Noticed Louise
 42254 | Elf:1    | Killed Louise
 42472 | Elf:1    | Noticed Fannar
 42537 | Elf:1    | Killed Fannar
 42760 | Elf:1    | Identified Sif Muna's Incunabulum of Summoning
 43032 | Elf:1    | Noticed Josephine
 43038 | Elf:1    | Killed Josephine
 43655 | Elf:1    | Reached XP level 16. HP: 90/99 MP: 31/37
 44067 | Elf:2    | Offered knowledge of Bolt of Fire by Vehumet.
 44554 | Elf:2    | Reached skill level 15 in Ice Magic
 44630 | Elf:2    | Noticed a sphinx
 44630 | Elf:2    | a dire elephant changed into a sphinx
 44633 | Elf:2    | a sphinx changed into an iron troll
 44634 | Elf:2    | Noticed a quicksilver dragon
 44634 | Elf:2    | an iron troll changed into a quicksilver dragon
 44639 | Elf:2    | a quicksilver dragon changed into an alligator snapping turtle
 44645 | Elf:2    | Noticed a storm dragon
 44645 | Elf:2    | a dire elephant changed into a storm dragon
 44646 | Elf:2    | a storm dragon changed into a siren
 45297 | Elf:2    | Noticed a deep elf blademaster
 45300 | Elf:2    | Killed a deep elf blademaster
 46393 | Elf:3    | Entered Level 3 of the Elven Halls
 46592 | Elf:3    | Noticed Frances
 46933 | Elf:3    | Noticed an Ice Fiend
 46934 | Elf:3    | Noticed a deep elf blademaster
 46942 | Elf:3    | Killed a deep elf blademaster
 46942 | Elf:3    | Reached skill level 16 in Ice Magic
 47057 | Elf:3    | Noticed a deep elf master archer
 47166 | Elf:3    | HP: 4/99 [deep elf annihilator/poison arrow (36)]
 47168 | Elf:3    | Succumbed to a deep elf annihilator's poison arrow

Action                   |  1- 3 |  4- 6 |  7- 9 | 10-12 | 13-15 | 16-18 || total
-------------------------+-------+-------+-------+-------+-------+-------++-------
Melee: Unarmed           |    42 |     4 |    60 |    87 |   181 |       ||   374
       Dagger            |       |       |       |   123 |   586 |    16 ||   725
 Fire: Blowgun           |       |    40 |    85 |    18 |       |       ||   143
 Cast: Freeze            |    23 |    29 |    68 |    67 |     6 |       ||   193
       Throw Frost       |    20 |     8 |    94 |   221 |    40 |       ||   383
       Ozocubu's Armour  |     1 |       |       |     3 |     6 |     2 ||    12
       Throw Icicle      |       |       |    90 |   264 |   130 |       ||   484
       Summon Ice Beast  |       |       |       |    29 |     3 |       ||    32
       Animate Dead      |       |       |       |     4 |   112 |    23 ||   139
       Mephitic Cloud    |       |       |       |       |    67 |       ||    67
       Regeneration      |       |       |       |       |    43 |     7 ||    50
       Freezing Cloud    |       |       |       |       |   174 |    72 ||   246
       Bolt of Cold      |       |       |       |       |     1 |     4 ||     5
       Orb of Destructio |       |       |       |       |     5 |    16 ||    21
Evoke: Wand              |       |       |     1 |     8 |    19 |     1 ||    29
       Lamp of fire      |       |       |       |     1 |     1 |       ||     2
       Deck              |       |       |       |       |     7 |       ||     7
  Use: Scroll            |       |       |    12 |     7 |    22 |       ||    41
       Potion            |       |       |       |     2 |     4 |     1 ||     7
 Stab: Sleeping          |     5 |     5 |     8 |     2 |    20 |       ||    40
       Distracted        |       |       |     2 |       |     6 |       ||     8
       Confused          |       |       |       |       |    15 |       ||    15
       Paralysed         |       |       |       |       |     1 |       ||     1
  Eat: Chunk             |     6 |     6 |    27 |    45 |   116 |    25 ||   225
       Beef jerky        |       |       |     2 |     1 |     1 |       ||     4
       Royal jelly       |       |       |     1 |       |     1 |       ||     2
       Bread ration      |       |       |     1 |       |       |       ||     1
       Pizza             |       |       |       |     2 |       |     3 ||     5
       Meat ration       |       |       |       |     1 |       |       ||     1
       Fruit             |       |       |       |    15 |     3 |       ||    18
